 Dungeon Crawl Stone Soup version 5.2-4-g6121e92 (webtiles) character file.

201 tehllama the Chopper (level 7, 0/52 HPs)
             Began as a Demonspawn Skald on Nov 28, 2017.
             Was a Follower of Cheibriados.
             Slain by a quokka (1 damage)
             ... on level 4 of the Dungeon.
             The game lasted 00:07:01 (3684 turns).

tehllama the Chopper (Demonspawn Skald)             Turns: 3684, Time: 00:07:02

Health: 0/52       AC:  7 (14%)Str: 19  XL:     7   Next: 6%
Magic:  2/7        EV: 12    Int: 22    God:    Cheibriados [1*[38]]
Gold:   179        SH:  0    Dex: 15    Spells: 4/10 levels left

rFire    . . .     SeeInvis .   g - +2 war axe (chop)
rCold    . . .     Faith    .   (no shield)
rNeg     . . .     Spirit   .   b - +0 leather armour
rPois    .         Reflect  .   (no helmet)
rElec    .                      l - +0 cloak
rCorr    .                      (no gloves)
MR       .....                  s - +0 pair of boots
Stlth    ++........             a - amulet of rage
Regen    0.2/turn               (no ring)
MPRegen  0.2/turn               (no ring)

@: mighty, brilliant, about to teleport, very slow
A: claws 2, yellow scales 1, powered by pain 1
a: Stop Singing, End Infusion, Bend Time, Renounce Religion, Evoke Berserk Rage


You were on level 4 of the Dungeon.
You worshipped Cheibriados.
Cheibriados was aware of your devotion.
You were not hungry.

You visited 1 branch of the dungeon, and saw 4 of its levels.

You collected 179 gold pieces.

Inventory:

Hand Weapons
 g - a +2 war axe of chopping (weapon)
Missiles
 c - 2 stones (quivered)
 o - 52 javelins
Armour
 b - a +0 leather armour (worn)
 l - a +0 cloak (worn)
 p - a +0 buckler
 s - a +0 pair of boots (worn)
Jewellery
 a - an amulet of rage (around neck)
 t - an uncursed ring of fire
Scrolls
 d - 2 scrolls of enchant weapon
 h - a scroll of magic mapping
 k - 3 scrolls of amnesia
 m - a scroll of enchant armour
Potions
 e - a potion of haste
 f - a potion of mutation
 j - a potion of cancellation
 n - a potion of augmentation


   Skills:
 + Level 3.3 Fighting
 * Level 4.4 Axes
 + Level 1.6 Armour
 + Level 1.6 Dodging
 + Level 1.1 Stealth
 + Level 1.5 Shields
 - Level 2.0 Spellcasting
 + Level 4.0 Charms
 + Level 2.2 Invocations


You had 4 spell levels left.
You knew the following spells:

 Your Spells              Type           Power        Failure   Level  Hunger
a - Infusion              Chrm           25 (25)      1%          1    N/A
b - Song of Slaying       Chrm           33 (100)     1%          2    N/A
c - Regeneration          Chrm/Necr      24 (200)     2%          3    N/A

Dungeon Overview and Level Annotations

Branches:
Dungeon (4/15)

Altars:
Cheibriados
Elyvilon
Gozag
Hepliaklqana
Kikubaaqudgha
Makhleb
Qazlal
Ru
Trog
Uskayaw
Xom
Yredelemnul
Zin


Innate Abilities, Weirdness & Mutations

You have very sharp fingernails.
You are partially covered in yellow scales. (AC +2)
You sometimes gain a little power by taking damage.


Message History

You kill the gnoll shaman!
Cheibriados appreciates the change of pace.
You have reached level 7!
Your demonic ancestry asserts itself...
Yellow scales grow over part of your body.
You hit the gnoll (5). The gnoll barely misses you.
The gnoll hits you from afar with a +0 spear (6).
The gnoll hits you but does no damage.
The ogre hits you with a +0 giant club (20)!!
* * * LOW HITPOINT WARNING * * *
You focus on the pain.
You feel very mighty all of a sudden.
You feel clever all of a sudden. The gnoll barely misses you.
Okay, then.
As you read the scroll of teleportation, it crumbles to dust.
You feel strangely unstable.
The gnoll hits you from afar with a +0 spear (2).
* * * LOW HITPOINT WARNING * * *
The gnoll completely misses you. The quokka bites you (1).
You die...

.............#
.............# .#
.............# .##
..........♣♣♣♣ .$..
.........♣♣♣♣♣♣♣♣ ...##
........≈≈≈≈♣PP≈♣♣##.....
.......♣♣≈≈≈≈≈≈P≈PPg.....
.....≈≈♣≈≈≈≈P≈..g........
##...♣≈P≈≈≈.≈...@rg......
#.#.............O.......
#.##...≈≈....≈≈..≈≈≈≈P..
#. #..♣.≈..≈≈PPP≈≈≈P≈≈♣(
#. #..♣≈≈≈≈≈≈P≈P≈≈≈≈≈≈≈♣
#.##♣≈≈≈P≈≈≈≈≈≈≈≈P≈≈. #.#
#P≈PP≈≈≈≈≈≈P♣P♣.. #.#
#♣≈≈≈≈≈≈P≈♣♣♣.... #.#
≈≈≈≈≈≈≈P#


You could see an ogre, 3 gnolls and a quokka.

Vanquished Creatures
  An ogre (D:4)
  3 crimson imps (D:4)
  A gnoll shaman (D:4)
  3 hounds (D:4)
  Crazy Yiuf (D:3)
  3 worker ants (D:4)
  An adder (D:2)
  A gnoll (D:4)
  2 oozes (D:1)
  An adder skeleton (D:4)
  A dart slug (D:3)
  2 orcs (D:4)
  9 quokkas
  3 giant cockroaches
  5 goblins
  8 hobgoblins
  A jackal (D:2)
  6 bats
  4 frilled lizards
  9 kobolds
  A quokka skeleton (D:4)
  11 rats
77 creatures vanquished.

Notes
Turn   | Place    | Note
-------+----------+-------------------------------------------
     0 | D:1      | tehllama the Demonspawn Skald began the quest for the Orb.
     0 | D:1      | Reached XP level 1. HP: 16/16 MP: 3/3
    76 | D:1      | Gained mutation: You have sharp fingernails. [demonic ancestry]
    76 | D:1      | Reached XP level 2. HP: 8/22 MP: 5/5
   147 | D:1      | Learned a level 2 spell: Song of Slaying
   492 | D:1      | Reached XP level 3. HP: 28/28 MP: 0/3
   520 | D:1      | Learned a level 3 spell: Regeneration
   648 | D:2      | Found a faded altar of an unknown god.
   729 | D:2      | Found a hazy altar of Hepliaklqana.
   794 | D:2      | Found an ancient bone altar of Kikubaaqudgha.
  1012 | D:2      | Found a hide-covered altar of Uskayaw.
  1015 | D:2      | Found a bloodstained altar of Trog.
  1018 | D:2      | Found a white marble altar of Elyvilon.
  1021 | D:2      | Found a snail-covered altar of Cheibriados.
  1025 | D:2      | Became a worshipper of Cheibriados the Contemplative
  1320 | D:2      | Found a glowing silver altar of Zin.
  1327 | D:2      | Found a stormy altar of Qazlal.
  1501 | D:3      | Found an opulent altar of Gozag.
  1523 | D:3      | Gained mutation: You sometimes gain a little power by taking damage. [demonic ancestry]
  1523 | D:3      | Reached XP level 4. HP: 27/34 MP: 0/4
  1557 | D:3      | Found a sacrificial altar of Ru.
  1890 | D:3      | Found a runed door.
  1953 | D:3      | Reached * piety under Cheibriados
  1988 | D:3      | Found a basalt altar of Yredelemnul.
  2232 | D:3      | Noticed Crazy Yiuf
  2239 | D:3      | Killed Crazy Yiuf
  2239 | D:3      | Reached skill level 1 in Invocations
  2542 | D:4      | Reached XP level 5. HP: 35/39 MP: 1/5
  2562 | D:4      | Reached skill level 1 in Armour
  2562 | D:4      | Reached skill level 1 in Dodging
  2571 | D:4      | Reached skill level 1 in Shields
  2748 | D:4      | Noticed an orc warrior
  3140 | D:4      | Found a shimmering altar of Xom.
  3158 | D:4      | Gained mutation: You have very sharp fingernails. [demonic ancestry]
  3158 | D:4      | Reached XP level 6. HP: 26/46 MP: 4/6
  3172 | D:4      | Found a burning altar of Makhleb.
  3505 | D:4      | Reached skill level 1 in Stealth
  3682 | D:4      | Gained mutation: You are partially covered in yellow scales. (AC +2) [demonic ancestry]
  3682 | D:4      | Reached XP level 7. HP: 28/52 MP: 2/7
  3683 | D:4      | HP: 1/52 [gnoll/+0 spear (2)]
  3684 | D:4      | Slain by a quokka

Skill      XL: |  1  2  3  4  5  6 |
---------------+-------------------+-----
Axes           | 2 3 4 |  4.4
Charms         | 3 4 |  4.0
Invocations    | 1 2 |  2.2
Armour         | 1 |  1.6
Dodging        | 1 |  1.6
Shields        | 1 |  1.5
Fighting       | 3 |  3.3
Stealth        | 1 |  1.1
Spellcasting   | |  2.0

Action                   |  1- 3 |  4- 6 |  7- 9 || total
-------------------------+-------+-------+-------++-------
Melee: Hand axe          |    85 |    10 |       ||    95
       War axe           |       |   100 |       ||   100
 Cast: Infusion          |     1 |       |       ||     1
       Song of Slaying   |     1 |       |       ||     1
  Use: Potion            |       |     3 |       ||     3
       Scroll            |       |     2 |     1 ||     3
 Stab: Sleeping          |       |     1 |       ||     1
Armor: Leather armour    |    31 |    39 |     1 ||    71
Dodge: Dodged            |    58 |    80 |     3 ||   141
